 Dungeon Crawl Stone Soup version 0.28-a0-425-gd0eccab798 (webtiles) character file.

Game seed: 9075295956982971427

7 SkeletonJelly the Firebug (level 1, 0/13 HPs)
             Began as a Deep Elf Cinder Acolyte on Sept 9, 2021.
             Was a High Priest of Ignis.
             Slain by a frilled lizard (1 damage)
             ... on level 1 of the Dungeon.
             The game lasted 00:00:39 (536 turns).

SkeletonJelly the Firebug (Deep Elf Cinder Acolyte)  Turns: 536, Time: 00:00:40

Health: 0/13       AC:  2    Str: 11    XL:     1   Next: 91%
Magic:  5/5        EV: 11    Int: 18    God:    Ignis [*****.]
Gold:   6          SH:  0    Dex: 10    Spells: 3/3 levels left

rFire   + . .      SeeInvis .   a - -1 falchion (flame)
rCold   . . .      Faith    .   (no shield)
rNeg    . . .      Spirit   .   b - +0 robe
rPois   .          Reflect  .   (no helmet)
rElec   .          Harm     .   (no cloak)
rCorr   .          Rampage  .   (no gloves)
Will    .....                   (no boots)
Stlth   +.........              (no amulet)
HPRegen 0.04/turn               (no ring)
MPRegen 0.09/turn               (no ring)

@: no status effects
A: no striking features
a: Renounce Religion, Sea of Fire, Foxfire Swarm, Rising Flame


You were on level 1 of the Dungeon.
You worshipped Ignis.
Ignis was extremely pleased with you.
You visited 1 branch of the dungeon, and saw 1 of its levels.

You collected 6 gold pieces.

Inventory:

Hand Weapons
 a - a -1 falchion of flaming (weapon)
Armour
 b - a +0 robe (worn)


   Skills:
 - Level 2.4 Fighting
 - Level 3.0 Long Blades
 + Level 1.7 Spellcasting
 * Level 3.5 Fire Magic


You had 3 spell levels left.
You didn't know any spells.
Your spell library contained the following spells:

 Spells                   Type           Power      Damage    Failure   Level
 Scorch                   Fire           28%        2d6       7%          2


Dungeon Overview and Level Annotations

Branches:
Dungeon (1/15)

Altars:


Message History

Your Long Blades skill increases to level 3!
You need to enable at least one skill for training.
Unknown command.
Unknown command.
Key pressed, stopping explore.
You see here a dart slug corpse.
Found a faded altar of an unknown god.
Health restored: 13 You see here a dart slug corpse.
Found a stone staircase leading down.
There is a stone staircase leading down here.
Key pressed, stopping explore.
A rat comes into view.
The helpless rat fails to defend itself.
You hit the rat but do no damage. The rat closely misses you.
You hit the rat. You burn the rat.
You kill the rat!
No target in view!
No target in view!
No target in view!
No target in view!
Key pressed, stopping explore.
Key pressed, stopping explore.
Key pressed, stopping explore.
A kobold comes into view. It is wielding a +0 whip.
A kobold is nearby!
The kobold shouts!
The kobold throws a stone.
The stone closely misses you. The kobold barely misses you.
You hit the kobold. You burn the kobold.
You kill the kobold!
No target in view!
No target in view!
No target in view!
No target in view!
No target in view!
Things that are here:
a +0 whip; 2 stones; a kobold corpse
Found 25 stones.
You see here 25 stones.
Key pressed, stopping explore.
Key pressed, stopping explore.
A frilled lizard comes into view.
You hit the frilled lizard. You burn the frilled lizard.
You kill the frilled lizard!
No target in view!
No target in view!
No target in view!
No target in view!
No target in view!
A frilled lizard comes into view.
The frilled lizard hisses angrily.
A frilled lizard is nearby!
A frilled lizard is nearby!
A frilled lizard is nearby!
You hit the frilled lizard. You burn the frilled lizard.
You kill the frilled lizard!
No target in view!
No target in view!
No target in view!
No target in view!
No target in view!
You now have 6 gold pieces.
A goblin comes into view. It is wielding a +0 dagger.
The goblin shouts!
You hear an angry hiss.
A goblin is nearby!
A goblin is nearby!
A goblin is nearby!
A goblin is nearby!
A frilled lizard comes into view.
The frilled lizard hisses angrily.
Found an opal ring.
The goblin closely misses you.
You closely miss the goblin. The goblin hits you with a +0 dagger.
You take 4 damage, and have 9/13 hp.
MASSIVE DAMAGE!!
You closely miss the goblin.
The frilled lizard bites you but does no damage.
The goblin hits you with a +0 dagger.
You take 4 damage, and have 5/13 hp.
MASSIVE DAMAGE!!
You are too injured to fight recklessly!
You are too injured to fight recklessly!
You are too injured to fight recklessly!
You are too injured to fight recklessly!
You are too injured to fight recklessly!
You are too injured to fight recklessly!
You hit the goblin. You burn the goblin.
The goblin is severely wounded.
The frilled lizard bites you but does no damage.
The goblin hits you but does no damage.
You closely miss the goblin.
The goblin is severely wounded.
The frilled lizard bites you but does no damage.
The goblin hits you with a +0 dagger.
You take 1 damage, and have 4/13 hp.
You hit the goblin. You burn the goblin.
You kill the goblin!
The frilled lizard bites you.
* * * LOW HITPOINT WARNING * * *
The frilled lizard bites you.
You die...

○≈# . #.....+...#
≈°# ###.#.....##.###
# °○#
................#.##
≈○#
####...............
≈☼# ##.......##..#
○☼# .........#..#$#
≈≈# ####.....#..# #
.....#...#.# #
####.##.@..#
#......)l.#
#.#.#.....#
.....#....#
≈§≈≈.#....# ###§
.....# #≈ .=.#.#
...#..#


You could see a frilled lizard.

Vanquished Creatures
  A dart slug (D:1)
  An endoplasm (D:1)
  A goblin (D:1)
  3 frilled lizards (D:1)
  A kobold (D:1)
  A rat (D:1)
8 creatures vanquished.

Vanquished Creatures (others)
  2 fungi (D:1)
  A plant (D:1)
3 creatures vanquished.

Grand Total: 11 creatures vanquished

Notes
Turn   | Place    | Note
-------+----------+-------------------------------------------
     0 | D:1      | SkeletonJelly the Deep Elf Cinder Acolyte began the quest
                  | for the Orb.
     0 | D:1      | Reached XP level 1. HP: 13/13 MP: 5/5
   354 | D:1      | Found a faded altar of an unknown god.
   536 | D:1      | Slain by a frilled lizard

Illustrated notes

Levels and vault maps discovered:
D:1:      saegor_arrival_miasma, layout_basic,
          shapermc_ecumenical_altar_mp_urbaneastern, roderic_serpentine_path,
          minmay_curled_crystal, kennysheep_boxes

Skill      XL: |  1 |
---------------+----+-----
Long Blades    | 3 |  3.0
Fighting       | |  2.4
Spellcasting   | |  1.7
Fire Magic     | |  3.5

Action                   || total
-------------------------++-------
Melee: Falchion          ||    26
 Stab: Sleeping          ||     1
Armor: Robe              ||     5
Dodge: Dodged            ||    11

Table legend: (Time is in decaauts)
 A = Elapsed time spent in this place.
 B = Non-inter-level travel time spent in this place.
 C = Inter-level travel time spent in this place.
 D = Time resting spent in this place.
 E = Time spent auto-exploring this place.
 F = Levels seen in this place.
 G = Mean time per level.
                   A        B        C        D        E       F      G
               +--------+--------+--------+--------+--------+-----+--------+
         Total |    539 |    539 |      0 |      0 |    470 |   1 |  539.0 |
       Dungeon |    539 |    539 |      0 |      0 |    470 |   1 |  539.0 |
               +--------+--------+--------+--------+--------+-----+--------+

Top non-repeatable levels by time:
     D:1: 539 daAuts
